 Dungeon Crawl Stone Soup version 0.23-a0-625-g1d2cd9b (webtiles) character file.

3088 galech the Cleaver (level 9, -5/69 HPs)
             Began as a Demonspawn Fighter on Dec 24, 2018.
             Was a Follower of Okawaru.
             Slain by a soul eater (17 damage)
             ... summoned by a kobold demonologist
             ... on level 6 of the Dungeon.
             The game lasted 00:09:03 (7410 turns).

galech the Cleaver (Demonspawn Fighter)             Turns: 7410, Time: 00:09:04

Health: -5/69      AC: -2    Str: 16    XL:     9   Next: 59%
Magic:  9/9        EV:  4    Int: 10    God:    Okawaru [*.....]
Gold:   482        SH: 10    Dex: 16    Spells: 8/8 levels left

rFire    . . .     SeeInvis .   a - +0 war axe
rCold    . . .     Gourm    +   c - +0 shield
rNeg     . . .     Faith    .   m - +0 plate armour
rPois    .         Spirit   .   r - +0 helmet
rElec    .         Reflect  .   (no cloak)
rCorr    .         Harm     .   (no gloves)
MR       .....                  (no boots)
Stlth    ..........             C - amulet of the gourmand
HPRegen  0.21/turn              n - +3 ring of slaying
MPRegen  0.11/turn              (no ring)

@: corroded, slowed, very slow
A: hooves 2, powered by pain 2, rot immunity
a: Heroism, Renounce Religion


You were on level 6 of the Dungeon.
You worshipped Okawaru.
Okawaru was aware of your devotion.
You were completely stuffed.

You visited 2 branches of the dungeon, and saw 8 of its levels.

You collected 482 gold pieces.

Inventory:

Hand Weapons
 a - a +0 war axe (weapon)
 y - the +7 flail "Imp's Curse" {elec, +Fly rElec Int+2}
   (You found it on level 6 of the Dungeon)

   Occasionally, upon striking a foe, it will discharge some electrical energy
   and cause terrible harm.
   It affects your intelligence (+2).
   It insulates you from electricity.
   It lets you fly.
Armour
 c - a +0 shield (worn)
 m - a +0 plate armour (worn)
 r - a +0 helmet (worn)
Jewellery
 i - an uncursed amulet of magic regeneration
 n - a +3 ring of slaying (left hand)
 C - an amulet of the gourmand (around neck)
Wands
 B - a wand of scattershot (6)
Scrolls
 g - a scroll of fog
 h - a scroll of immolation {unknown}
 j - a scroll of remove curse
 k - 5 scrolls of enchant weapon {unknown}
 o - 2 scrolls of fear {unknown}
 p - 7 scrolls of teleportation
 q - a scroll of enchant armour {unknown}
 t - 5 scrolls of identify
 w - a scroll of random uselessness {unknown}
 x - 4 scrolls of blinking {unknown}
Potions
 d - 3 potions of might
 e - 3 potions of curing {unknown}
 l - a potion of ambrosia {unknown}
 s - a potion of degeneration {unknown}
 u - 2 potions of mutation {unknown}
 v - a potion of haste {unknown}
 z - a potion of brilliance {unknown}
 A - a potion of cancellation {unknown}
Comestibles
 f - 8 rations


   Skills:
 + Level 5.7 Fighting
 + Level 8.6 Axes
 + Level 5.7 Armour
 + Level 1.4 Dodging
 + Level 0.1 Stealth
 + Level 6.2 Shields


You had 8 spell levels left.
You didn't know any spells.
Your spell library contained the following spells:

 Spells                   Type           Power        Failure   Level  Hunger
 Freeze                   Ice            #...         100%        1    ##.....
 Summon Small Mammal      Summ           #...         100%        1    ##.....
 Call Imp                 Summ           #.......     100%        2    ###....
 Throw Frost              Conj/Ice       #.....       100%        2    ###....
 Call Canine Familiar     Summ           #.......     100%        3    ####...
 Ozocubu's Armour         Chrm/Ice       #.......     100%        3    ####...
 Summon Guardian Golem    Hex/Summ       #.......     100%        3    ####...
 Summon Ice Beast         Ice/Summ       #.......     100%        4    #####..
 Summon Lightning Spire   Summ/Air       #.......     100%        4    #####..
 Throw Icicle             Conj/Ice       #.......     100%        4    #####..


Dungeon Overview and Level Annotations

Branches:
Dungeon (7/15)             Temple (1/1) D:6

Altars:
Cheibriados
Dithmenos
Elyvilon
Fedhas
Gozag
Hepliaklqana
Kikubaaqudgha
Makhleb
Nemelex Xobeh
Okawaru
Qazlal
Ru
Trog
Vehumet
Wu Jian
Xom
Yredelemnul
Zin
The Shining One


Innate Abilities, Weirdness & Mutations

You have hoof-like feet.
You sometimes gain power by taking damage.
You are immune to rotting.


Message History

The soul eater hits you. The white imp gestures at you.
The puff of frost hits you!
You hit the wraith but do no damage. Your kick misses the wraith.
The wraith is almost destroyed.
You hit the soul eater but do no damage.
You hit the white imp. You closely miss the rust devil.
The white imp disappears in a puff of smoke!
The rust devil hits you! The rust devil corrodes you! The wraith hits you.
* * * LOW HITPOINT WARNING * * *
The wraith drains your vigour!
You feel as though you will be slow longer.
You block the soul eater's attack. The rust devil hits you.
* * * LOW HITPOINT WARNING * * *
The rust devil corrodes you! You block the wraith's attack.
The iron imp shouts, "Bolt, thou warped toot-wallowing tinkerer!"
The kobold demonologist hits you with a +0 dagger.
* * * LOW HITPOINT WARNING * * *
The soul eater hits you!
You die...

################'####...
#......#....
###################
#.P.P.P.P.'........
#.........#........
#......(..#........
#..P.P.P.P#...(....
#(##############(##
#.@W5..... #...
#3K4...... #..⌠
#55....... #.⌠.
#......... #...
#......... ####
#......... #.........
#.........


You could see a soul eater, a rust devil, a kobold demonologist, a wraith, an
iron imp, a quasit and a shadow imp.

Vanquished Creatures
  Pikel (D:3)
  Grinder (D:6)
  Sigmund (D:4)
  A yak (D:7)
  A vampire mosquito (D:7)
  An acid dragon (D:7)
  Edmund (D:4)
  A slave (D:3)
  An ice beast (D:5)
  A phantom (D:3)
  An ogre (D:5)
  2 centaurs
  A bullfrog (D:6)
  A scorpion (D:5)
  5 killer bees (D:7)
  A howler monkey (D:3)
  2 crimson imps (D:5)
  A jelly (D:6)
  3 orc priests
  7 orc wizards
  A bullfrog skeleton (D:4)
  A centaur skeleton (D:4)
  4 iguanas
  5 worker ants
  A killer bee zombie (D:5)
  A hound zombie (D:7)
  A hound skeleton (D:4)
  9 gnolls
  6 adders
  2 shadow imps (D:6)
  An ooze (D:1)
  2 adder skeletons
  2 worms (D:2)
  A dart slug (D:1)
  3 leopard geckos
  13 orcs
  A ball python (D:2)
  6 bats
  2 giant cockroaches
  6 goblins
  11 hobgoblins
  7 jackals
  8 kobolds
  3 quokkas
  4 frilled lizards
  A quokka zombie (D:5)
  5 rats
141 creatures vanquished.

Notes
Turn   | Place    | Note
-------+----------+-------------------------------------------
     0 | D:1      | galech the Demonspawn Fighter began the quest for the Orb.
     0 | D:1      | Reached XP level 1. HP: 18/18 MP: 1/1
   170 | D:1      | Gained mutation: You sometimes gain a little power by
                  | taking damage. [demonic ancestry]
   170 | D:1      | Reached XP level 2. HP: 24/24 MP: 2/2
   251 | D:1      | Reached skill level 2 in Axes
   560 | D:1      | Gained mutation: You are immune to rotting. [demonic
                  | ancestry]
   560 | D:1      | Reached XP level 3. HP: 26/29 MP: 3/3
  1348 | D:2      | Found an ancient bone altar of Kikubaaqudgha.
  2021 | D:2      | Gained mutation: You have large cloven feet. [demonic
                  | ancestry]
  2021 | D:2      | Reached XP level 4. HP: 26/35 MP: 4/4
  2380 | D:3      | Found a hazy altar of Hepliaklqana.
  2440 | D:3      | Found a glowing golden altar of the Shining One.
  2515 | D:3      | Noticed a phantom
  2540 | D:3      | Killed a phantom
  2540 | D:3      | Reached skill level 3 in Axes
  2540 | D:3      | Reached XP level 5. HP: 40/41 MP: 5/5
  2685 | D:3      | Found a white marble altar of Elyvilon.
  2961 | D:3      | Reached skill level 1 in Dodging
  2963 | D:3      | Reached XP level 6. HP: 25/47 MP: 6/6
  3122 | D:4      | Reached skill level 4 in Axes
  3131 | D:4      | Noticed Sigmund
  3286 | D:4      | Killed Sigmund
  3342 | D:4      | Reached XP level 7. HP: 53/53 MP: 7/7
  3373 | D:4      | Found a stormy altar of Qazlal.
  3374 | D:4      | Noticed Edmund
  3388 | D:4      | Killed Edmund
  3388 | D:4      | Reached skill level 5 in Axes
  3677 | D:4      | Noticed Pikel
  3834 | D:3      | Killed Pikel
  3834 | D:3      | Reached skill level 6 in Axes
  3834 | D:3      | Gained mutation: You sometimes gain power by taking damage.
                  | [demonic ancestry]
  3834 | D:3      | Reached XP level 8. HP: 35/61 MP: 8/8
  3988 | D:4      | Found an opulent altar of Gozag.
  4401 | D:5      | Entered Level 5 of the Dungeon
  4420 | D:5      | Reached skill level 7 in Axes
  4420 | D:5      | Reached skill level 5 in Shields
  4778 | D:5      | Found an ornate altar of the Wu Jian Council.
  4943 | D:5      | Found a burning altar of Makhleb.
  4969 | D:5      | Reached skill level 5 in Fighting
  5585 | D:6      | Got a brightly glowing flail
  5586 | D:6      | Identified the +7 flail "Imp's Curse" {elec, +Fly rElec
                  | Int+2} (You found it on level 6 of the Dungeon)
  5767 | D:6      | Noticed Grinder
  5773 | D:6      | Paralysed by Grinder for 5 turns
  5787 | D:6      | Paralysed by Grinder for 7 turns
  5794 | D:6      | Killed Grinder
  5794 | D:6      | Reached skill level 5 in Armour
  5794 | D:6      | Gained mutation: You have hoof-like feet. [demonic
                  | ancestry]
  5794 | D:6      | Reached XP level 9. HP: 66/68 MP: 9/9
  5837 | D:6      | Found a staircase to the Ecumenical Temple.
  5844 | Temple   | Entered the Ecumenical Temple
  5867 | Temple   | Became a worshipper of Warmaster Okawaru
  6524 | D:7      | Reached skill level 8 in Axes
  7062 | D:6      | Noticed a kobold demonologist
  7101 | D:7      | Reached * piety under Okawaru
  7400 | D:6      | Noticed a rust devil
  7404 | D:6      | Noticed a soul eater
  7410 | D:6      | Slain by a soul eater

Vault maps used:
D:1:      roderic_octagonal_star
D:2:      kiku_gazebo_pond_becter, grunt_ministairs_7
D:3:      nicolae_overflow_hidden_temple, tso_altar, elyvilon_altar_4
D:4:      nicolae_overflow_crystal_walls, first_ration,
          minmay_misc_feat_diagonals, nicolae_qazlal_general_emergency,
          uniq_sigmund, uniq_pikel, uniq_edmund
D:5:      marbit_many_paths, lemuel_doored_altar
D:6:      minmay_klotski, minmay_temple_entry_hall, grunt_ministairs_2,
          minivault_11, uniq_grinder
D:7:      minmay_the_grid_plus, serial_glass, glass_columns_a, glass_columns_c,
          uniq_crazy_yiuf_cottage
Temple:   cyrus_circular_temple

Skill      XL: |  1  2  3  4  5  6  7  8  9 |
---------------+----------------------------+-----
Armour         | 3 4 5 |  5.7
Axes           | 2 3 4 6 7 8 |  8.6
Shields        | 3 4 5 6 |  6.2
Dodging        | 1 |  1.4
Fighting       | 4 5 |  5.7
Stealth        | |  0.1

Action                   |  1- 3 |  4- 6 |  7- 9 || total
-------------------------+-------+-------+-------++-------
Melee: War axe           |   122 |    88 |   254 ||   464
       Kick              |       |    27 |    90 ||   117
Invok: Heroism           |       |       |     1 ||     1
  Use: Scroll            |     4 |       |     3 ||     7
  Eat: Chunk             |     4 |     4 |    24 ||    32
Armor: Scale mail        |    27 |       |       ||    27
       Plate armour      |    43 |    74 |   149 ||   266
Dodge: Dodged            |    28 |     8 |    44 ||    80
Block: Shield            |    55 |    49 |   158 ||   262

Table legend:
 A = Non-vault XP
 B = Vault XP
 C = Vault XP percentage of total XP
 D = Non-vault monster count
 E = Vault monster count
 F = Vault count percentage of total count
                 A         B        C        D         E       F
            +---------+---------+-------+---------+---------+-------
      Total |    2279 |    2133 |  48.3 |     125 |      15 |  10.7
            +---------+---------+-------+---------+---------+-------
        D:1 |      52 |       0 |   0.0 |      27 |       0 |   0.0
        D:2 |      47 |       4 |   7.8 |      15 |       2 |  11.8
        D:3 |     330 |     673 |  67.1 |      20 |       1 |   4.8
        D:4 |     361 |     396 |  52.3 |      20 |       2 |   9.1
        D:5 |     700 |      48 |   6.4 |      21 |       1 |   4.5
        D:6 |     280 |     473 |  62.8 |      10 |       6 |  37.5
        D:7 |     509 |     539 |  51.4 |      12 |       3 |  20.0
            +---------+---------+-------+---------+---------+-------
